 Dungeon Crawl Stone Soup version 0.19.1 (webtiles) character file.

35 Azzok the Sneak (level 3, -1/16 HPs)
             Began as a Spriggan Enchanter on Dec 16, 2016.
             Slain by a bullfrog (6 damage)
             ... on level 3 of the Dungeon.
             The game lasted 00:03:48 (1264 turns).

Azzok the Sneak (Spriggan Enchanter)                Turns: 1264, Time: 00:03:49

Health: -1/16      AC:  3    Str:  4    XL:     3   Next: 17%
Magic:  5/8        EV: 20    Int: 17    God:
Gold:   97         SH:  0    Dex: 13    Spells: 2 memorised, 5 levels left

rFire  . . .     SeeInvis +     a - +1 dagger
rCold  . . .     Gourm    .     b - +1 robe
rNeg   . . .     Faith    .     (shield restricted)
rPois  .         Spirit   .     (helmet restricted)
rElec  .         Reflect  .     (no cloak)
rCorr  .         Harm     .     (gloves unavailable)
MR     .....                    (boots unavailable)
Stlth  +++.......               (no amulet)
                                k - +2 ring of evasion
                                j - -3 ring of dexterity (curse)

@: very quick
A: unfitting armour, see invisible, herbivore 3, speed 3, slow metabolism 2
a: no special abilities


You were on level 3 of the Dungeon.
You were not hungry.

You visited 1 branch of the dungeon, and saw 3 of its levels.

You collected 97 gold pieces.

Inventory:

Hand Weapons
 a - a +1 dagger (weapon)
Missiles
 f - 19 stones (quivered)
Armour
 b - a +1 robe (worn)
Jewellery
 j - a cursed -3 ring of dexterity (left hand)
 k - a +2 ring of evasion (right hand)
Scrolls
 i - a scroll of blinking
 m - a scroll of teleportation
Potions
 e - a potion of magic {unknown}
 g - a potion of curing {unknown}
 h - 2 potions of flight {unknown}
 n - a potion of cure mutation {unknown}
 o - a potion of resistance {unknown}
 p - a potion of haste {unknown}
Books
 c - a book of Maledictions

   Spells                             Type                      Level
   a - Corona                         Hexes                        1
   b - Ensorcelled Hibernation        Hexes/Ice                    2
   c - Confuse                        Hexes                        3
   d - Tukima's Dance                 Hexes                        3
   e - Dazzling Spray                 Conjuration/Hexes            3
Comestibles
 d - a bread ration


   Skills:
 - Level 1.1 Short Blades
 - Level 3.0 Dodging
 * Level 5.4 Stealth
 + Level 3.4 Spellcasting
 + Level 4.0 Hexes


You had 5 spell levels left.
You knew the following spells:

 Your Spells              Type           Power        Failure   Level  Hunger
a - Corona                Hex            ###....      3%          1    None
b - Ensorcelled Hibernat  Hex/Ice        #.....       14%         2    ##.....


Dungeon Overview and Level Annotations

Branches:
Dungeon (3/15)

Altars:


Innate Abilities, Weirdness & Mutations

You are very small and have problems with some larger weapons.
You are too small for most types of armour.
You have supernaturally acute eyesight. (SInv)
You are a herbivore.
You cover ground extremely quickly.
You need consume almost no food.


Message History

Aiming: Ensorcelled Hibernation
Press: ? - help, Shift-Dir - straight line, f - bullfrog
Aim: a bullfrog (chance to defeat MR: 40%)
The bullfrog looks drowsy...
The helpless bullfrog fails to defend itself.
You impale the bullfrog!!
The bullfrog is almost dead.
The bullfrog closely misses you. The bullfrog barely misses you.
You barely miss the bullfrog.
The bullfrog is almost dead.
The bullfrog hits you.
* * * LOW HITPOINT WARNING * * *
Casting: Ensorcelled Hibernation
Confirm with . or Enter, or press ? or * to list all spells.
Aiming: Corona
Press: ? - help, Shift-Dir - straight line, f/p - bullfrog
Aim: a bullfrog (almost dead, chance to defeat MR: 53%)
The bullfrog struggles to resist.
The bullfrog completely misses you. The bullfrog hits you.
You die...

▒·▒ ▒·▒
▒▒·▒ !·
▒·<▒
··$·▒▒▒·▒▒
·>······▒
▒▒
···!▒▒▒·▒
··▒ ··
▒·▒)··▒
▒@····▒
▒·F···▒
▒·····▒
······▒
▒·▒·)·▒
·?▒···▒
·▒▒···▒ ·
▒▒▒▒


You could see a bullfrog.

Vanquished Creatures
  2 leopard geckos (D:2)
  5 bats
  2 giant cockroaches
  4 goblins
  5 hobgoblins
  A quokka (D:2)
  3 frilled lizards
  A kobold (D:2)
  10 rats
33 creatures vanquished.

Notes
Turn   | Place    | Note
-------+----------+-------------------------------------------
     0 | D:1      | Azzok the Spriggan Enchanter began the quest for the Orb.
     0 | D:1      | Reached XP level 1. HP: 9/9 MP: 5/5
     6 | D:1      | Noticed a swamp worm
     6 | D:1      | Noticed a black bear
     6 | D:1      | Noticed a swamp drake
     6 | D:1      | Noticed a water moccasin
   214 | D:1      | Reached XP level 2. HP: 13/13 MP: 7/7
   413 | D:1      | Reached skill level 5 in Stealth
   420 | D:1      | Learned a level 2 spell: Ensorcelled Hibernation
   823 | D:2      | Reached XP level 3. HP: 16/16 MP: 5/8
  1255 | D:3      | Noticed a bullfrog
  1264 | D:3      | Slain by a bullfrog

Skill      XL: |  1  2 |
---------------+-------+-----
Spellcasting   | 3 |  3.4
Stealth        | 5 |  5.4
Hexes          | 4 |  4.0
Short Blades   | |  1.1
Dodging        | |  3.0

Action                   || total
-------------------------++-------
Melee: Dagger            ||    81
 Cast: Corona            ||     9
       Ensorcelled Hiber ||     8
  Use: Scroll            ||     3
 Stab: Sleeping          ||    18
Armor: Robe              ||     9
Dodge: Dodged            ||    57
